 Dungeon Crawl Stone Soup version 0.29.0-13-gc9e81de378 (webtiles) character file.

Game seed: 5365460203472814066

1211 Arex the Trooper (level 8, -1/55 HPs)
             Began as an Octopode Fighter on Sept 10, 2022.
             Was a Follower of Cheibriados.
             Slain by a wyvern (14 damage)
             ... on level 6 of the Dungeon.
             The game lasted 00:08:22 (8263 turns).

Arex the Trooper (Octopode Fighter)                 Turns: 8263, Time: 00:08:22

Health: -1/55      AC:  1    Str: 30    XL:     8   Next: 46%
Magic:  11/11      EV: 15    Int: 13    God:    Cheibriados [*.....]
Gold:   250        SH: 10    Dex: 15    Spells: 7/7 levels left

rFire   . . .      SeeInvis +     - Unarmed
rCold   . . .      Faith    .   a - +0 buckler
rNeg    . . .      Spirit   .   (helmet restricted)
rPois   .          Reflect  +   t - amulet of reflection
rElec   .          Harm     .   o - ring "Koam" {Fly Str+4}
rCorr   .          Rampage  .   b - ring of see invisible
Will    .....                   s - +6 ring of strength
Stlth   ++++......              (no ring)
HPRegen 0.18/turn               (no ring)
MPRegen 0.12/turn               (no ring)
                                (no ring)
                                (no ring)

@: about to teleport, flying, very slow
A: almost no armour, amphibious, 8 rings, camouflage 1, gelatinous body 1,
(nimble swimmer 1), tentacles
a: Renounce Religion, Bend Time


You were on level 6 of the Dungeon.
You worshipped Cheibriados.
Cheibriados was aware of your devotion.
You visited 2 branches of the dungeon, and saw 8 of its levels.

You collected 250 gold pieces.

Inventory:

Missiles
 c - 9 poisoned darts (quivered)
Armour
 a - a +0 buckler (worn)
Jewellery
 b - a ring of see invisible (right tentacle)
 o - the ring "Koam" (left tentacle) {Fly Str+4}
   (You found it on level 2 of the Dungeon)

   [ring of flight]

   Str:       It affects your strength (+4).
   Fly:       It grants you flight.
 s - a +6 ring of strength (on tentacle)
 t - an amulet of reflection (around mantle)
Scrolls
 d - 2 scrolls of fear {unknown}
 e - a scroll of noise
 g - a scroll of poison
 h - 2 scrolls of fog
 j - a scroll of teleportation
 m - 2 scrolls of blinking
 p - a scroll of vulnerability {unknown}
 q - a scroll of enchant armour {unknown}
 r - a scroll of identify
Potions
 f - 3 potions of ambrosia
 i - a potion of curing
 k - a potion of magic
 l - 2 potions of heal wounds {unknown}
 n - 2 potions of lignification
 u - a potion of flight {unknown}


   Skills:
 + Level 5.1 Fighting
 + Level 5.1 Dodging
 - Level 3.9 Stealth
 + Level 5.1 Shields
 + Level 4.6 Unarmed Combat
 * Level 4.3 Invocations


You had 7 spell levels left.
You didn't know any spells.
Your spell library contained the following spells:

 Spells                   Type           Power      Damage    Failure   Level
 Frozen Ramparts          Ice            0%         1d1       75%         3
 Ice Form                 Ice/Tmut       0%         N/A       98%         4
 Summon Ice Beast         Ice/Summ       0%         N/A       98%         4


Dungeon Overview and Level Annotations

Branches:
Dungeon (7/15) Zot: 40485  Temple (1/1) D:4 Zot: 8972

Altars:
Ashenzari
Cheibriados
Fedhas
Makhleb
Nemelex Xobeh
Qazlal
Trog
Vehumet
Yredelemnul
The Shining One

Shops:
D:5 (   D:6 [


Innate Abilities, Weirdness & Mutations

You cannot wear most types of armour.
You are amphibious.
You can wear up to eight rings at the same time.
Your skin changes colour to match your surroundings (Stealth+).
Your rubbery body absorbs attacks. (AC +1, EV +1)
((You are camouflaged when in or above water. (Stealth+)))
You have tentacles for arms and can constrict up to eight enemies at once.


Message History

You fly upwards.
Found Liyng's Armour Emporium.
There is a stone staircase leading down here.
A jelly comes into view.
The jelly quivers.
A wyvern comes into view.
The wyvern hisses angrily.
You block the jelly's attack. The jelly misses you.
You barely miss the wyvern. You squeeze the wyvern!
The wyvern is moderately wounded.
You block the wyvern's attack. The jelly misses you.
You tentacle-slap the wyvern.
The wyvern is heavily wounded.
The wyvern bites you! You block the jelly's attack. The wyvern misses you.
You tentacle-slap the wyvern. Your squeeze misses the wyvern.
The wyvern is heavily wounded.
The wyvern bites you. The jelly misses you.
You are too injured to fight recklessly!
You are too injured to fight recklessly!
You are too injured to fight recklessly!
You are too injured to fight recklessly!
You are too injured to fight recklessly!
You are too injured to fight recklessly!
You are too injured to fight recklessly!
You are too injured to fight recklessly!
Unknown command.
The wyvern attacks as you move away! The wyvern misses you.
The wyvern bites you. The wyvern attacks as you move away!
The wyvern bites you. The wyvern bites you!
You tentacle-slap the wyvern.
The wyvern is heavily wounded.
The wyvern misses you. The wyvern bites you!
* * * LOW HITPOINT WARNING * * *
Unknown command.
Okay, then.
As you read the scroll of teleportation, it crumbles to dust.
You feel strangely unstable. You block the wyvern's attack.
The wyvern bites you!
You die...

#. . .## ..# ##.##
... ## #.#
##...#.#########.
.....∩..Jl@.......
###...#.#########.
##.##.# ## #.# #.#
#.# ... ..


You could see a wyvern and a jelly.

Vanquished Creatures
  An ice beast (D:5)
  A black bear (D:5)
  A phantom (D:3)
  A scorpion (D:5)
  3 necrophages (D:4)
  2 wights (D:4)
  A human zombie (D:4)
  2 hounds
  4 orc priests
  3 iguanas
  3 scorpion zombies (D:4)
  A hound zombie (D:4)
  A mummy (D:4)
  9 adders
  4 gnolls (D:4)
  An ufetubus (D:4)
  An adder zombie (D:4)
  4 worms
  6 orcs
  12 ball pythons
  9 endoplasms
  4 giant cockroaches
  4 goblins
  6 hobgoblins
  6 jackals
  5 kobolds
  4 quokkas
  4 bats
  4 frilled lizards
  9 rats
116 creatures vanquished.

Notes
Turn   | Place    | Note
-------+----------+-------------------------------------------
     0 | D:1      | Arex the Octopode Fighter began the quest for the Orb.
     0 | D:1      | Reached XP level 1. HP: 16/16 MP: 1/1
   554 | D:1      | Reached XP level 2. HP: 21/21 MP: 2/2
   589 | D:1      | Reached skill level 1 in Stealth
   988 | D:1      | Reached XP level 3. HP: 26/26 MP: 3/3
  1648 | D:2      | Found a faded altar of an unknown god.
  1905 | D:2      | Reached XP level 4. HP: 31/31 MP: 4/4
  2010 | D:2      | Identified the ring "Koam" {Fly Str+4}
  3608 | D:3      | Reached XP level 5. HP: 36/36 MP: 5/5
  4805 | D:4      | Noticed a phantom
  4817 | D:3      | Killed a phantom
  5015 | D:3      | Reached XP level 6. HP: 25/43 MP: 6/6
  6655 | D:4      | Found a staircase to the Ecumenical Temple.
  6678 | Temple   | Entered the Ecumenical Temple
  6692 | Temple   | Became a worshipper of Cheibriados the Contemplative
  7013 | D:4      | Reached XP level 7. HP: 48/48 MP: 7/7
  7016 | D:4      | Reached skill level 1 in Invocations
  7331 | D:4      | Found a basalt altar of Yredelemnul.
  7548 | D:4      | Reached * piety under Cheibriados
  7549 | D:4      | Reached XP level 8. HP: 53/54 MP: 10/10
  7712 | D:5      | Entered Level 5 of the Dungeon
  7951 | D:5      | Reached skill level 5 in Fighting
  7951 | D:5      | Reached skill level 5 in Shields
  8077 | D:5      | Found Sine's Weapon Shop.
  8113 | D:5      | Reached skill level 5 in Dodging
  8138 | D:5      | You are sucked into a shaft and drop 2 floors!
  8138 | D:7      | Found a stormy altar of Qazlal.
  8252 | D:6      | Found Liyng's Armour Emporium.
  8255 | D:6      | Noticed a wyvern
  8263 | D:6      | Slain by a wyvern

Illustrated notes

Levels and vault maps discovered:
D:1:      mrwooster_arrival_arrow, layout_loops_ring, minmay_tromino_mix6
D:2:      layout_loops_corners, nicolae_ecumenical_snake_handling
D:3:      layout_basic
D:4:      layout_basic, lemuel_mausoleum_altar_yredelemnul,
          minmay_temple_entry_mist, hex_large
D:5:      nicolae_cairo_tiling_very_big, layout_rooms, serial_shops, shop,
          hex_intersection
D:6:      layout_loops_corners, serial_shops, shop, shop_fountains
D:7:      layout_cave_pools, lemuel_zombie_altar_kikubaaqudgha,
          nicolae_gozag_seed_capital, amcnicky_altar_gilded,
          nicolae_overflow_crystal_walls, mainiacjoe_overflow_24_doors
Temple:   nicolae_temple_ecumenical_triangle

Skill      XL: |  1  2  3  4  5  6  7  8 |
---------------+-------------------------+-----
Stealth        | 1 2 3 |  3.9
Unarmed Combat | 3 4 |  4.6
Fighting       | 4 5 |  5.1
Dodging        | 4 5 |  5.1
Shields        | 4 5 |  5.1
Invocations    | 3 4 |  4.3

Action                   |  1- 3 |  4- 6 |  7- 9 || total
-------------------------+-------+-------+-------++-------
Melee: Unarmed           |    74 |   125 |    79 ||   278
       Constrict         |    20 |    37 |    19 ||    76
       Tentacles         |    17 |    31 |    26 ||    74
       Punch             |     4 |     2 |     8 ||    14
Throw: Dart              |       |     4 |    14 ||    18
  Use: Scroll            |     1 |     7 |     1 ||     9
       Potion            |       |     2 |       ||     2
 Stab: Sleeping          |     7 |    12 |     5 ||    24
Armor: Skin              |     2 |    10 |     4 ||    16
Dodge: Dodged            |    38 |    86 |    36 ||   160
Block: Buckler           |    13 |    33 |    18 ||    64
